 Dungeon Crawl Stone Soup version 0.30.0-5-g1a98f26d00 (webtiles) character file.

Game seed: 11774064068102340814

903 NinjaNoafa the Firebug (level 8, 0/37 HPs)
             Began as a Vine Stalker Fire Elementalist on May 10, 2023.
             Slain by a hornet (9 damage)
             ... on level 4 of the Dungeon.
             The game lasted 00:08:12 (3019 turns).

NinjaNoafa the Firebug (VSFE)                       Turns: 3019, Time: 00:08:13

Health: 0/37       AC:  2    Str: 11    XL:     8   Next: 7%
Magic:  0/17       EV: 12    Int: 17    God:
Gold:   105        SH:  0    Dex: 15    Spells: 8/17 levels left

rFire   . . .        o - +3 short sword
rCold   . . .        (no shield)
rNeg    . . .        a - +0 robe
rPois   .            (no helmet)
rElec   .            (no cloak)
rCorr   .            (no gloves)
SInv    +            (no boots)
Will    +....        (no amulet)
Stlth   ++           k - ring of see invisible
HPRegen 1.06/turn    (no ring)
MPRegen 0.15/turn

%: guardian spirit
@: lethally poisoned (0 -> -7), slowed, very slow
A: fangs 3, regeneration 1, magic shield, antimagic bite, no potion heal 2
a: no special abilities


You were on level 4 of the Dungeon.
You visited 1 branch of the dungeon, and saw 4 of its levels.

You collected 276 gold pieces.
You spent 171 gold pieces at shops.

Inventory:

Hand Weapons
 o - a +3 short sword (weapon)
Missiles
 i - 11 poisoned darts
 m - 4 silver javelins
Armour
 a - a +0 robe (worn)
 p - the +0 robe "Vaggatha" {-Tele rC+++ rCorr Stlth+}
   (You bought it in a shop on level 4 of the Dungeon)

   rC:        It renders you almost immune to cold.
   -Tele:     It prevents most forms of teleportation.
   rCorr:     It protects you from acid and corrosion.
   Stlth:     It makes you more stealthy.
Jewellery
 k - a ring of see invisible (left hand)
 u - an amulet of the acrobat
Wands
 d - a wand of charming (5)
Scrolls
 f - a scroll of vulnerability
 h - a scroll of magic mapping {unknown}
 j - 2 scrolls of fear {unknown}
 l - a scroll of fog {unknown}
 n - 2 scrolls of blinking
 q - a scroll of poison
 t - a scroll of enchant weapon {unknown}
Potions
 b - 2 potions of magic
 c - a potion of flight {unknown}
 e - 2 potions of curing {unknown}
 g - a potion of haste {unknown}
 r - 2 potions of attraction {unknown}
 s - a potion of mutation {unknown}


   Skills:
 - Level 0.3 Fighting
 - Level 1.7 Dodging
 - Level 2.7 Stealth
 + Level 5.4 Spellcasting
 - Level 5.0 Conjurations
 + Level 0.0 Hexes
 - Level 1.9 Translocations
 - Level 5.4 Fire Magic


You had 8 spell levels left.
You knew the following spells:

 Your Spells              Type           Power      Damage    Failure   Level
a - Foxfire               Conj/Fire      88%        2x1d8     1%          1
b - Scorch                Fire           46%        2d6       2%          2
c - Volatile Blastmotes   Fire/Tloc      34%        2d12      9%          3
d - Inner Flame           Hex/Fire       13%        N/A       13%         3

Your spell library contained the following spells:

 Spells                   Type           Power      Damage    Failure   Level
 Lesser Beckoning         Tloc           22%        N/A       10%         2
 Flame Wave               Conj/Fire      22%        2d8       16%         4
 Gell's Gravitas          Tloc           11%        N/A       19%         3
 Teleport Other           Tloc           11%        N/A       19%         3
 Iskenderun's Mystic Bla  Conj/Tloc      16%        2d5       32%         4
 Fulminant Prism          Conj/Hex       6%         3d7       43%         4
 Lee's Rapid Deconstruct  Erth           2%         3d4*      98%         5


Dungeon Overview and Level Annotations

Branches:
Dungeon (4/15) Zot: 20973
 Temple: D:4-7

Altars:

Shops:
D:4 [(


Innate Abilities, Weirdness & Mutations

You have razor-sharp teeth.
Your natural rate of healing is unusually fast.
When hurt, damage is shared between your health and your magic reserves.
Your bite disrupts and absorbs the magic of your enemies.
Potions cannot restore your health.


Message History

You start memorising the spell.
You continue memorising. x3
You finish memorising.
Spell assigned to 'd'.
Unknown command.
Okay, then.
Casting: Scorch (safe; 2% risk of failure)
Confirm with . or Enter, or press ? or * to list all spells.
Flames lash the hornet.
The hornet is lightly wounded.
The hornet's fire resistance burns away.
Casting: Scorch (safe; 2% risk of failure)
Confirm with . or Enter, or press ? or * to list all spells.
Flames lash the hornet but do no damage.
The hornet is engulfed in a cloud of scalding steam.
The hornet barely misses you.
The hornet is engulfed in a cloud of scalding steam.
The hornet stings you.
You suddenly lose the ability to move!
The hornet is engulfed in a cloud of scalding steam.
The hornet stings you!
You feel yourself slow down.
You feel yourself speed up.
The hornet is no longer more vulnerable to fire.
The hornet is engulfed in a cloud of scalding steam.
The hornet stings you!
You are poisoned.
You feel yourself slow down. The hornet stings you!
* * * LOW HITPOINT WARNING * * *
You are more poisoned.
You feel as though you will be slow longer.
You can move again.
Unknown command.
Unknown command.
Unknown command.
Casting: Scorch (safe; 2% risk of failure)
Confirm with . or Enter, or press ? or * to list all spells.
Flames lash the hornet.
The hornet is heavily wounded.
The hornet's fire resistance burns away.
* * * LOW HITPOINT WARNING * * *
You feel extremely sick. The hornet stings you!
You die...

.. .# #. . .. .
.##. ###≈≈## .>..∩
#≈y# # #.@# ##
##.# .### #.# ...#
#.#
.#.#############.#
.................#
##......########.#
######.# #.# #.#
#..


You could see a hornet (combustible).

Vanquished Creatures
  2 ogres (D:3)
  3 phantoms
  2 scorpions (D:4)
  A howler monkey (D:3)
  A centaur zombie (D:4)
  A hound (D:4)
  A jelly (D:3)
  A centaur skeleton (D:4)
  3 iguanas (D:4)
  A scorpion zombie (D:4)
  5 adders
  An adder zombie (D:4)
  An adder skeleton (D:4)
  2 worms (D:3)
  3 dart slugs
  7 ball pythons
  8 endoplasms
  A giant cockroach (D:1)
  5 goblins
  5 hobgoblins
  3 quokkas
  3 bats
  4 frilled lizards
  12 kobolds
  A rat (D:1)
77 creatures vanquished.

Vanquished Creatures (others)
  140 foxfires
140 creatures vanquished.

Grand Total: 217 creatures vanquished

Notes
Turn   | Place    | Note
-------+----------+-------------------------------------------
     0 | D:1      | NinjaNoafa the Vine Stalker Fire Elementalist began the
                  | quest for the Orb.
     0 | D:1      | Reached XP level 1. HP: 9/9 MP: 4/4
   213 | D:1      | Reached XP level 2. HP: 12/13 MP: 1/6
   359 | D:1      | Found a faded altar of an unknown god.
   694 | D:1      | Learned a level 2 spell: Scorch
   821 | D:2      | Reached XP level 3. HP: 16/16 MP: 2/8
  1064 | D:2      | Gained mutation: Your natural rate of healing is unusually
                  | fast. [Vine Stalker growth]
  1064 | D:2      | Reached XP level 4. HP: 15/21 MP: 2/9
  1405 | D:3      | Noticed an ogre
  1408 | D:3      | Killed an ogre
  1409 | D:3      | Reached XP level 5. HP: 24/24 MP: 3/11
  2182 | D:4      | Noticed an ogre
  2183 | D:4      | Noticed a phantom
  2211 | D:3      | Killed an ogre
  2212 | D:3      | Reached XP level 6. HP: 19/28 MP: 0/13
  2318 | D:3      | HP: 1/28 [acid (6)]
  2375 | D:3      | Reached skill level 5 in Fire Magic
  2382 | D:4      | Noticed a hornet
  2386 | D:4      | Reached XP level 7. HP: 31/32 MP: 4/15
  2435 | D:4      | HP: 1/32 [iguana (10)]
  2472 | D:4      | Reached skill level 5 in Spellcasting
  2489 | D:4      | Reached skill level 5 in Conjurations
  2665 | D:4      | Reached skill level 1 in Translocations
  2695 | D:4      | Found Juiri's Antique Armour Emporium.
  2701 | D:4      | Bought a slimy robe for 171 gold pieces
  2701 | D:4      | Identified the +0 robe "Vaggatha" {-Tele rC+++ rCorr
                  | Stlth+} (You bought it in a shop on level 4 of the Dungeon)
  2833 | D:4      | Learned a level 3 spell: Volatile Blastmotes
  2983 | D:4      | Gained mutation: You have razor-sharp teeth. [Vine Stalker
                  | growth]
  2983 | D:4      | Reached XP level 8. HP: 37/37 MP: 11/17
  3004 | D:4      | Found Fuwuar's Weapon Boutique.
  3015 | D:4      | Learned a level 3 spell: Inner Flame
  3016 | D:4      | Paralysed by a hornet for 3 turns
  3019 | D:4      | Slain by a hornet

Illustrated notes

Levels and vault maps discovered:
D:1:      dpeg_arrival_shrine, layout_basic, shapermc_ecumenical_altar_rom_forum
D:2:      layout_rooms, palyth_stone_intersect, minmay_hexomino_p4
D:3:      layout_basic, minmay_misc_feat_enclosed, kennysheep_generic_room_16
D:4:      layout_loops_ring, serial_undead, serial_undead_e, serial_undead_e,
          serial_undead_d, serial_undead_d, serial_undead_f, serial_undead_a,
          serial_shops, nicolae_shop_hallway_stairs, nicolae_shop_crystal,
          nicolae_shop_window_shopping, shop, shop

Skill      XL: |  1  2  3  4  5  6  7 |
---------------+----------------------+-----
Conjurations   | 2 3 4 5 |  5.0
Spellcasting   | 3 4 5 |  5.4
Fire Magic     | 4 5 |  5.4
Translocations | 1 |  1.9
Fighting       | |  0.3
Dodging        | |  1.7
Stealth        | |  2.7

Action                     |  1- 3 |  4- 6 |  7- 9 || total
---------------------------+-------+-------+-------++-------
  Melee: Short sword       |    29 |    14 |    45 ||    88
         Bite              |     9 |     5 |    16 ||    30
         Punch             |       |       |     1 ||     1
   Cast: Foxfire           |    33 |    34 |    16 ||    83
         Scorch            |     5 |    22 |    24 ||    51
         Volatile Blastmot |       |       |     2 ||     2
    Use: Scroll            |       |       |     5 ||     5
         Potion            |       |       |     1 ||     1
 Armour: Robe              |     6 |    10 |    14 ||    30
  Dodge: Dodged            |    24 |    37 |    54 ||   115
